 Dungeon Crawl Stone Soup version 0.21-a0-450-gd87a9b2 (webtiles) character file.

145 paddytheiceman the Cudgeler (level 5, -4/69 HPs)
             Began as a Draconian Berserker on Nov 19, 2017.
             Was a Follower of Trog.
             Killed by divine providence
             ... invoked by an orc priest
              (13 damage)
             ... on level 3 of the Dungeon.
             The game lasted 00:05:31 (1084 turns).

paddytheiceman the Cudgeler (Draconian Berserker)   Turns: 1084, Time: 00:05:32

Health: -4/69      AC:  5    Str: 26    XL:     5   Next: 6%
Magic:  5/5        EV: 13    Int:  7    God:    Trog [*.....]
Gold:   100        SH:  0    Dex: 10    Spells: 4/4 levels left

rFire    . . .     SeeInvis .   a - +0 mace
rCold    . . .     Gourm    .   (no shield)
rNeg     . . .     Faith    .   (armour unavailable)
rPois    .         Spirit   .   (helmet restricted)
rElec    .         Reflect  .   (no cloak)
rCorr    .         Harm     .   (no gloves)
MR       .....                  (no boots)
Stlth    ..........             (no amulet)
HPRegen  0.21/turn              (no ring)
MPRegen  0.09/turn              (no ring)

@: berserking (expiring), very quick
A: unfitting armour, cold-blooded, AC +5
a: Berserk, Burn Spellbooks, Renounce Religion


You were on level 3 of the Dungeon.
You worshipped Trog.
Trog was aware of your devotion.
You were not hungry.

You visited 1 branch of the dungeon, and saw 3 of its levels.

You collected 100 gold pieces.

Inventory:

Hand Weapons
 a - a +0 mace (weapon)
Jewellery
 f - an uncursed ring of resist corrosion {unknown}
 k - an uncursed ring of flight {unknown}
 m - a +4 ring of evasion {unknown}
Scrolls
 c - a scroll of teleportation {unknown}
 d - a scroll of remove curse {unknown}
 e - a scroll of magic mapping {unknown}
 i - a scroll of immolation {unknown}
 l - a scroll of amnesia {unknown}
Potions
 g - a potion of haste {unknown}
Comestibles
 b - 2 bread rations
 h - a royal jelly


   Skills:
 + Level 4.1 Fighting
 + Level 4.3 Maces & Flails
 * Level 3.9 Dodging


You had 4 spell levels left.
You didn't know any spells.

Dungeon Overview and Level Annotations

Branches:
Dungeon (3/15)

Altars:


Innate Abilities, Weirdness & Mutations

Your plain brown scales are hard. (AC +5)
You cannot fit into any form of body armour.
You are cold-blooded and may be slowed by cold attacks.


Message History

The orc hits you with a dagger.
* * * LOW HITPOINT WARNING * * *
The ooze moves out of view.
An orc and an orc priest come into view.
The orc priest shouts!
You sock the orc!
You kill the orc!
Trog accepts your kill.
You hear a shout!
You hear an angry hiss.
The frilled lizard bites you but does no damage.
The orc hits you but does no damage. The orc completely misses you.
Items here: )) ? [ †† You feel a strong urge to attack something.
Things that are here:
a flail; a ring mail; an orc corpse You barely miss the frilled lizard.
The orc priest mumbles some strange prayers to Beogh against you.
Beogh smites you!
You die...

#...........
...........
#......o...
#..........
#####..J.......
#...# ..o.o....
#.).###Soo.....
#.))##bso.#
#...@lo####
#...#### #..<#
#.... ####.# ..
##. .#


You could see 2 orc priests, an orc wizard, an adder, 4 orcs, a giant cockroach,
a bat and a frilled lizard.

Vanquished Creatures
  4 orc wizards (D:3)
  An adder (D:2)
  A leopard gecko (D:1)
  3 orcs (D:3)
  4 bats
  A giant cockroach (D:1)
  2 goblins
  A hobgoblin (D:1)
  2 kobolds (D:1)
  2 frilled lizards
  3 rats (D:1)
24 creatures vanquished.

Notes
Turn   | Place    | Note
-------+----------+-------------------------------------------
     0 | D:1      | paddytheiceman the Draconian Berserker began the quest for the Orb.
     0 | D:1      | Reached XP level 1. HP: 19/19 MP: 1/1
   411 | D:1      | Reached XP level 2. HP: 26/26 MP: 2/2
  1023 | D:2      | You fall through a shaft!
  1026 | D:3      | Reached XP level 3. HP: 33/33 MP: 3/3
  1029 | D:3      | Reached XP level 4. HP: 40/40 MP: 4/4
  1076 | D:3      | Reached XP level 5. HP: 27/46 MP: 5/5
  1084 | D:3      | Killed from afar by an orc priest

Vault maps used:
D:1:      dpeg_arrival_prison
D:3:      uniq_robin

Skill      XL: |  1  2  3  4 |
---------------+-------------+-----
Dodging        | 3 |  3.9
Maces & Flails | 4 |  4.3
Fighting       | 4 |  4.1

Action                   |  1- 3 |  4- 6 || total
-------------------------+-------+-------++-------
Melee: Mace              |    49 |    26 ||    75
       Tailslap          |     4 |     1 ||     5
Invok: Berserk           |     1 |     1 ||     2
  Eat: Meat ration       |       |     1 ||     1
Armor: Skin              |    28 |    13 ||    41
Dodge: Dodged            |    40 |    28 ||    68

Table legend:
 A = Spawn XP
 B = Non-spawn XP
 C = Spawn XP percentage of total XP
 D = Spawn monster count
 E = Non-spawn monster count
 F = Spawn count percentage of total count
 G = Total turns spent on level
                    A         B        C        D         E        F      G
               +---------+---------+-------+---------+---------+-------+---------
         Total |       0 |     208 |   0.0 |       0 |      24 |   0.0 |  1084
               +---------+---------+-------+---------+---------+-------+---------
           D:1 |       0 |      22 |   0.0 |       0 |      13 |   0.0 |   611
           D:2 |       0 |      18 |   0.0 |       0 |       4 |   0.0 |   412
           D:3 |       0 |     168 |   0.0 |       0 |       7 |   0.0 |    61
               +---------+---------+-------+---------+---------+-------+---------
